 Dungeon Sprint DCSS version 0.25-a0-571-gb5e01bddfa (webtiles) character file.

Game seed: 12365576641801592583, levelgen mode: deterministic

609 McKennaii the Spear-Bearer (level 7, -9/63 HPs)
             Began as a Demonspawn Fighter on Feb 29, 2020.
             Was a Priest of Cheibriados.
             Mangled by a seven-headed hydra (11 damage)
             ... in the Dungeon (Sprint IX: "|||||||||||||||||||||||||||||").
             The game lasted 00:04:19 (400 turns).

McKennaii the Spear-Bearer (Demonspawn Fighter)      Turns: 400, Time: 00:04:20

Health: -9/63      AC: 15    Str: 25    XL:     7   Next: 19%
Magic:  7/7        EV:  8    Int: 18    God:    Cheibriados [***...]
Gold:   0          SH:  6    Dex: 21    Spells: 6/6 levels left

rFire    . . .     SeeInvis .   a - +0 trident
rCold    . . .     Gourm    .   (no shield)
rNeg     . . .     Faith    .   r - +0 plate armour
rPois    .         Spirit   .   (no helmet)
rElec    .         Reflect  .   p - +0 cloak
rCorr    .         Harm     .   q - +0 pair of gloves
MR       .....     NoTele   +   (no boots)
Stlth    ..........             (no amulet)
HPRegen  0.20/turn              s - +3 ring of intelligence
MPRegen  0.10/turn              t - +3 ring of dexterity

@: very slow
A: hooves 1, large bone plates 2, demonic guardian 1
a: Bend Time, Temporal Distortion, Renounce Religion


You were in the Dungeon.
You worshipped Cheibriados.
Cheibriados was most pleased with you.
You were not hungry.

You visited 1 branch

Inventory:

Hand Weapons
 a - a +0 trident (weapon)
 o - a +2 halberd of venom
Armour
 c - a +0 kite shield
 p - a +0 cloak (worn)
 q - a +0 pair of gloves (worn)
 r - a +0 plate armour (worn)
Jewellery
 s - a +3 ring of intelligence (left hand)
 t - a +3 ring of dexterity (right hand)
Wands
 n - a wand of iceblast (10)
Scrolls
 k - 2 scrolls of blinking
 l - 3 scrolls of remove curse
 m - 2 scrolls of amnesia
Potions
 d - a potion of might
 e - 5 potions of curing
 g - a potion of heal wounds
 h - a potion of haste
 i - 4 potions of magic
 j - a potion of invisibility
Comestibles
 f - a ration


   Skills:
 + Level 8.8 Fighting
 * Level 10.2 Polearms
 + Level 6.9 Armour
 + Level 2.2 Dodging
 + Level 0.2 Stealth
 - Level 2.6 Shields


You had 6 spell levels left.
You didn't know any spells.
Your spell library was empty.

Dungeon Overview and Level Annotations

Branches:
Dungeon (1/1)

Altars:
Cheibriados
Dithmenos
Elyvilon
Fedhas
Gozag
Hepliaklqana
Kikubaaqudgha
Makhleb
Nemelex Xobeh
Okawaru
Qazlal
Ru
Sif Muna
Trog
Uskayaw
Vehumet
Wu Jian
Xom
Yredelemnul
Zin
The Shining One
Beogh
Jiyva
Lugonu


Innate Abilities, Weirdness & Mutations

You have large cloven feet.
You are mostly covered in large bone plates. (SH +6)
A weak demonic guardian rushes to your aid.


Message History

You kick the seven-headed hydra, but do no damage.
The seven-headed hydra is heavily wounded.
The seven-headed hydra bites you.
The seven-headed hydra closely misses you.
The seven-headed hydra bites you.
The seven-headed hydra bites you but does no damage.
The seven-headed hydra bites you.
You block the seven-headed hydra's attack.
The seven-headed hydra closely misses you.
You puncture the seven-headed hydra! You kick the seven-headed hydra.
The seven-headed hydra is severely wounded.
The seven-headed hydra bites you!
* * * LOW HITPOINT WARNING * * *
The seven-headed hydra bites you.
* * * LOW HITPOINT WARNING * * *
The seven-headed hydra bites you but does no damage.
The seven-headed hydra bites you.
* * * LOW HITPOINT WARNING * * *
The seven-headed hydra bites you!
You die...

▓.▓
▓.▓
▓[▓
▓†▓
▓.▓
▓.▓
▓5▓
▓.▓
▓@▓
▓D▓
▓{▓
▓{▓
▓F▓
▓{▓
▓.▓
▓.▓
▓.▓


You could see a seven-headed hydra, a bullfrog and a friendly ufetubus.

Vanquished Creatures
  An ugly thing (D)
  An ogre (D)
  A crimson imp (D)
  An iguana (D)
  A worker ant (D)
  3 adders (D)
  An adder zombie (D)
  A leopard gecko (D)
  2 orcs (D)
  2 hobgoblins (D)
  A frilled lizard (D)
  2 rats (D)
17 creatures vanquished.

Notes
Turn   | Place    | Note
-------+----------+-------------------------------------------
     0 | D        | McKennaii the Demonspawn Fighter began the quest for the
                  | Orb.
     0 | D        | Reached XP level 1. HP: 18/18 MP: 1/1
    22 | D        | Reached skill level 2 in Polearms
   205 | D        | Noticed an ogre
   205 | D        | Noticed a worker ant
   205 | D        | Noticed a crimson imp
   205 | D        | Noticed an iguana
   211 | D        | Killed an ogre
   211 | D        | Reached skill level 5 in Fighting
   211 | D        | Reached skill level 4 in Polearms
   211 | D        | Gained mutation: You are partially covered in large bone
                  | plates. (SH +4) [demonic ancestry]
   211 | D        | Reached XP level 2. HP: 28/28 MP: 2/2
   211 | D        | Reached XP level 3. HP: 34/34 MP: 3/3
   211 | D        | Gained mutation: You have large cloven feet. [demonic
                  | ancestry]
   211 | D        | Reached XP level 4. HP: 40/40 MP: 4/4
   217 | D        | Reached skill level 5 in Polearms
   217 | D        | Reached skill level 5 in Armour
   219 | D        | Reached skill level 1 in Dodging
   220 | D        | Reached XP level 5. HP: 43/47 MP: 5/5
   228 | D        | Reached skill level 6 in Polearms
   238 | D        | Found a roughly hewn altar of Beogh.
   238 | D        | Found a snail-covered altar of Cheibriados.
   238 | D        | Found a shadowy altar of Dithmenos.
   238 | D        | Found a white marble altar of Elyvilon.
   238 | D        | Found a blossoming altar of Fedhas.
   238 | D        | Found an opulent altar of Gozag.
   239 | D        | Found a hazy altar of Hepliaklqana.
   240 | D        | Found a viscous altar of Jiyva.
   241 | D        | Found an ancient bone altar of Kikubaaqudgha.
   242 | D        | Became a worshipper of Cheibriados the Contemplative
   243 | D        | Found a corrupted altar of Lugonu.
   244 | D        | Found a burning altar of Makhleb.
   245 | D        | Found a sparkling altar of Nemelex Xobeh.
   246 | D        | Found an iron altar of Okawaru.
   247 | D        | Found a stormy altar of Qazlal.
   248 | D        | Found a sacrificial altar of Ru.
   249 | D        | Found a shimmering blue altar of Sif Muna.
   250 | D        | Found a bloodstained altar of Trog.
   251 | D        | Found a hide-covered altar of Uskayaw.
   252 | D        | Found a radiant altar of Vehumet.
   253 | D        | Found an ornate altar of the Wu Jian Council.
   254 | D        | Found a shimmering altar of Xom.
   255 | D        | Found a basalt altar of Yredelemnul.
   256 | D        | Found a glowing silver altar of Zin.
   257 | D        | Found a glowing golden altar of the Shining One.
   314 | D        | Reached * piety under Cheibriados
   324 | D        | Reached ** piety under Cheibriados
   327 | D        | Reached skill level 7 in Polearms
   377 | D        | Noticed a purple ugly thing
   377 | D        | Noticed a shadow
   377 | D        | Noticed a seven-headed hydra
   377 | D        | Noticed a vampire
   385 | D        | Killed a purple ugly thing
   385 | D        | Reached *** piety under Cheibriados
   385 | D        | Reached skill level 10 in Polearms
   385 | D        | Gained mutation: A weak demonic guardian rushes to your
                  | aid. [demonic ancestry]
   385 | D        | Reached XP level 6. HP: 41/57 MP: 6/6
   385 | D        | Gained mutation: You are mostly covered in large bone
                  | plates. (SH +6) [demonic ancestry]
   385 | D        | Reached XP level 7. HP: 45/63 MP: 7/7
   396 | D        | HP: 2/63 [seven-headed hydra (10)]
   400 | D        | Mangled by a seven-headed hydra

Levels and vault maps discovered:
D:        linesprint [early_d, line_temple, items_1, d_10, items_2, lair_1,
          lair_end, items_3, orc_1, orc_end, items_4, d_15, swamp_1, shoals_1,
          snake_1, spider_1, d_20, vaults_1, items_5, swamp_end, shoals_end,
          snake_end, spider_end, vaults_end, d_27, items_6, zot_1, zot_end,
          crypt_end, forest_end, elf_end, slime_end, tomb_end, abyss_end,
          pan_hell_end]

Skill      XL: |  1  2  3  4  5 |
---------------+----------------+-----
Polearms       | 4 5 10 | 10.2
Armour         | 4 5 6 |  6.9
Fighting       | 5 6 8 |  8.8
Dodging        | 1 2 |  2.2
Stealth        | |  0.2
Shields        | |  2.6

Action                   |  1- 3 |  4- 6 |  7- 9 || total
-------------------------+-------+-------+-------++-------
Melee: Trident           |    27 |    33 |    11 ||    71
       Kick              |       |    18 |     9 ||    27
       Halberd           |       |     8 |       ||     8
  Use: Potion            |     1 |       |     2 ||     3
Armor: Scale mail        |     5 |     3 |       ||     8
       Plate armour      |       |    13 |    29 ||    42
Dodge: Dodged            |     4 |     4 |    10 ||    18
Block: Kite shield       |     9 |    15 |       ||    24
       Other             |       |       |     7 ||     7

Table legend:
 A = Non-vault XP
 B = Vault XP
 C = Vault XP percentage of total XP
 D = Non-vault monster count
 E = Vault monster count
 F = Vault count percentage of total count
                 A         B        C        D         E       F
            +---------+---------+-------+---------+---------+-------
      Total |       0 |     870 | 100.0 |       0 |      17 | 100.0
            +---------+---------+-------+---------+---------+-------
          D |       0 |     870 | 100.0 |       0 |      17 | 100.0
            +---------+---------+-------+---------+---------+-------
